 Dungeon Crawl Stone Soup version 0.30-a0-793-g160f7cfddd (webtiles) character file.

Game seed: 1230409554363334259

314 browni3141 the Chiller (level 6, -8/39 HPs)
             Began as an Octopode Ice Elementalist on Feb 20, 2023.
             Killed from afar by an orc wizard (10 damage)
             ... with a magic dart
             ... on level 4 of the Dungeon.
             The game lasted 00:08:12 (3153 turns).

browni3141 the Chiller (Octopode Ice Elementalist)  Turns: 3153, Time: 00:08:13

Health: -8/39      AC:  1    Str:  8    XL:     6   Next: 43%
Magic:  10/10      EV: 13    Int: 19    God:
Gold:   186        SH:  0    Dex: 12    Spells: 4/11 levels left

rFire   + . .      SeeInvis .    (no weapon)
rCold   . . .      Faith    .    (no shield)
rNeg    . . .      Spirit   .    (helmet restricted)
rPois   .          Reflect  .    (no amulet)
rElec   .          Harm     .    l - ring of protection from fire
rCorr   .          Rampage  .    (no ring)
Will    .....                    (no ring)
Stlth   ++                       (no ring)
HPRegen 0.26/turn                (no ring)
MPRegen 0.12/turn                (no ring)
                                 (no ring)
                                 (no ring)

@: confused, on berserk cooldown, flying, hasted and slowed
A: almost no armour, amphibious, 8 rings, camouflage 1, gelatinous body 1,
(nimble swimmer 1), tentacles
a: no special abilities


You were on level 4 of the Dungeon.
You visited 1 branch of the dungeon, and saw 4 of its levels.

You collected 186 gold pieces.

Inventory:

Hand Weapons
 n - a +1 sling of electrocution
Jewellery
 i - an amulet of faith
 l - a ring of protection from fire (left tentacle)
Wands
 p - a wand of charming (7)
Scrolls
 d - 2 scrolls of immolation
 j - 2 scrolls of noise
 k - a scroll of summoning
 r - a scroll of vulnerability
 s - a scroll of magic mapping
Potions
 a - a potion of magic
 c - 2 potions of haste
 e - a potion of ambrosia
 g - a potion of flight
 h - a potion of attraction
 m - a potion of might {unknown}
 o - a potion of heal wounds {unknown}


   Skills:
 - Level 2.0 Fighting
 * Level 2.3 Ranged Weapons
 - Level 2.0 Dodging
 - Level 2.8 Stealth
 * Level 3.1 Spellcasting
 - Level 6.0 Ice Magic


You had 4 spell levels left.
You knew the following spells:

 Your Spells              Type           Power      Damage    Failure   Level
a - Freeze                Ice            100%       1d10      1%          1
b - Frozen Ramparts       Ice            50%        1d8       3%          3
c - Ozocubu's Armour      Ice            25%        N/A       3%          3

Your spell library contained the following spells:

 Spells                   Type           Power      Damage    Failure   Level
 Lesser Beckoning         Tloc           4%         N/A       22%         2
 Gell's Gravitas          Tloc           2%         N/A       41%         3
 Teleport Other           Tloc           2%         N/A       41%         3
 Summon Ice Beast         Ice/Summ       14%        N/A       41%         4


Dungeon Overview and Level Annotations

Branches:
Dungeon (4/15)
 Temple: D:4-7

Altars:
Fedhas


Innate Abilities, Weirdness & Mutations

You cannot wear most types of armour.
You are amphibious.
You can wear up to eight rings at the same time.
Your skin changes colour to match your surroundings (Stealth+).
Your rubbery body absorbs attacks. (AC +1, EV +1)
((You are camouflaged when in or above water. (Stealth+)))
You have tentacles for arms and can constrict up to eight enemies at once.


Message History

Your icy armour evaporates.
The iguana bites you. Something hits you.
Aiming: Charm
Press: ? - help, Shift-Dir - straight line, f - iguana
Aim: an iguana (chance to affect: 57%)
The iguana is charmed.
Something hits you.
You closely miss something.
An orc wizard appears from thin air!
Reactivating autopickup.
Your iguana completely misses the orc wizard.
The orc wizard gestures wildly while chanting.
The orc wizard flickers and vanishes!
Deactivating autopickup; reactivate with Ctrl-A.
You closely miss something.
You hear some strange, mumbled words.
You are confused.
Unknown command.
Okay, then.
Unknown command.
Are you sure you want to stumble around while confused and next to your iguana?
Okay, then.
Unknown command.
Something hits you.
* * * LOW HITPOINT WARNING * * *
Something hits you.
* * * LOW HITPOINT WARNING * * *
Unknown command.
Are you sure you want to stumble around while confused and next to your iguana?
You bump into the rock wall.
Something hits you.
* * * LOW HITPOINT WARNING * * *
You feel less attractive to monsters.
Unknown command.
Okay, then.
Unknown command.
Unknown command.
Are you sure you want to stumble around while confused and next to your iguana?
You bump into the rock wall.
You hear some strange, mumbled words.
A magic dart appears from out of thin air!
The magic dart hits you!
You die...

..##...#...##
......#.#..#
###.........
.........#
#.###...).#
#......<#.# .
######)##.## ..#
............###)...#
###.....###.@{)....?
#.....# ###l[.##=#
#...... ....#
#...... .......
#.<.... #.##..#
###..... .. .. ###.
.#. # ...


You could see a friendly iguana (charmed).

Vanquished Creatures
  A water moccasin (D:3)
  A hound (D:3)
  A gnoll bouda (D:4)
  An iguana (D:3)
  An adder (D:3)
  10 dart slugs (D:3)
  An orc (D:4)
  12 ball pythons
  6 bats
  8 endoplasms
  2 giant cockroaches
  11 goblins
  11 hobgoblins
  5 jackals
  3 quokkas
  3 frilled lizards
  7 kobolds
  8 rats
92 creatures vanquished.

Notes
Turn   | Place    | Note
-------+----------+-------------------------------------------
     0 | D:1      | browni3141 the Octopode Ice Elementalist began the quest
                  | for the Orb.
     0 | D:1      | Reached XP level 1. HP: 11/11 MP: 3/3
   230 | D:1      | Reached skill level 1 in Fighting
   311 | D:1      | Reached XP level 2. HP: 9/18 MP: 3/5
   819 | D:1      | Reached XP level 3. HP: 24/24 MP: 4/6
  1162 | D:1      | Found a faded altar of an unknown god.
  1569 | D:2      | Found a blossoming altar of Fedhas.
  1718 | D:2      | Reached XP level 4. HP: 29/29 MP: 7/7
  2099 | D:3      | Reached skill level 5 in Ice Magic
  2156 | D:3      | Learned a level 3 spell: Frozen Ramparts
  2215 | D:3      | Learned a level 3 spell: Ozocubu's Armour
  2327 | D:3      | Reached XP level 5. HP: 34/34 MP: 8/8
  2337 | D:3      | Noticed a water moccasin
  2343 | D:3      | Killed a water moccasin
  2344 | D:3      | Reached skill level 6 in Ice Magic
  2344 | D:3      | Reached skill level 1 in Ranged Weapons
  2402 | D:3      | Reached XP level 6. HP: 28/39 MP: 8/10
  3153 | D:4      | Killed from afar by an orc wizard

Illustrated notes

Levels and vault maps discovered:
D:1:      sevenhm_arrival_forest_fort_small_4, layout_basic,
          dilly_ecumenical_altar_fadedgnrine, st_stairs_14, minmay_door_square,
          minmay_octomino_j4
D:2:      layout_loops_ring, basic_altar
D:3:      kennysheep_slugbush, layout_loops_ring, serial_rivers,
          chequers_serial_rivers_micro_a, chequers_serial_rivers_room_b,
          chequers_serial_rivers_room_b, chequers_serial_rivers_small_b,
          chequers_serial_rivers_micro_b
D:4:      layout_basic, minmay_temple_entry_offerings, gup_sewer_entry_bowl,
          minmay_three_crescents, uniq_crazy_yiuf_cottage

Skill      XL: |  1  2  3  4  5  6 |
---------------+-------------------+-----
Fighting       | 1 2 |  2.0
Ice Magic      | 5 6 |  6.0
Ranged Weapons | 1 2 |  2.3
Spellcasting   | 3 |  3.1
Dodging        | |  2.0
Stealth        | |  2.8

Action                     |  1- 3 |  4- 6 || total
---------------------------+-------+-------++-------
  Melee: Unarmed           |    11 |     8 ||    19
         Constrict         |     4 |     2 ||     6
         Tentacles         |     1 |     4 ||     5
   Fire: Sling             |    20 |   108 ||   128
   Cast: Freeze            |    48 |     9 ||    57
         Ozocubu's Armour  |       |     3 ||     3
         Frozen Ramparts   |       |     3 ||     3
  Evoke: Wand              |       |     1 ||     1
    Use: Scroll            |       |     5 ||     5
         Potion            |       |     6 ||     6
   Stab: Sleeping          |     1 |       ||     1
 Armour: Skin              |     4 |    23 ||    27
  Dodge: Dodged            |    30 |    49 ||    79

Table legend: (Time is in decaauts)
 A = Elapsed time spent in this place.
 B = Non-inter-level travel time spent in this place.
 C = Inter-level travel time spent in this place.
 D = Time resting spent in this place.
 E = Time spent auto-exploring this place.
 F = Levels seen in this place.
 G = Mean time per level.
                   A        B        C        D        E       F      G
               +--------+--------+--------+--------+--------+-----+--------+
         Total |   3186 |   3066 |    120 |    205 |   2238 |   4 |  796.5 |
       Dungeon |   3186 |   3066 |    120 |    205 |   2238 |   4 |  796.5 |
               +--------+--------+--------+--------+--------+-----+--------+

Top non-repeatable levels by time:
     D:1: 1262 daAuts
     D:3: 1013 daAuts
     D:2: 843 daAuts
     D:4: 67 daAuts
